[Event "Late-Titled-Tuesday-Blitz-February-06-2024"]
[Site "Chess.com"]
[Date "2024.02.06"]
[Round "2"]
[White "carloseduar100"]
[Black "RantomOpening"]
[Result "0-1"]
[WhiteElo "2332"]
[BlackElo "2535"]
[TimeControl "180+1"]
[EndTime "14:16:51 PST"]
[Termination "RantomOpening won by checkmate"]

1. e4 c5 2. Nf3 e6 3. g3 Nc6 4.
Bg2 Nf6 5. O-O d5 6. exd5 exd5 7.
Re1+ Be7 8. d4 cxd4 9. Nxd4 Bg4 10. Nxc6 bxc6 11. Qd4 O-O 12. Bg5 Be6 13. Nd2 h6 14. Bf4 c5 15. Qd3 Rc8 16. c3 Qd7 17. Nf3 Bd6 18. Ne5 Qc7 19. Bf3 g5 20. Ng6 Rfe8 21.
Bxd6 Qxd6 22. Ne5 Kg7 23. Rad1 Re7 24. c4 d4 25. b3 Rce8 26. Bc6 Bd7 27. Bxd7 Nxd7 28.
Nf3 Rxe1+ 29. Rxe1 Rxe1+ 30. Nxe1 Ne5 31. Qe4 Qe6 32. Nf3 Nxf3+ 33. Qxf3 Qd6 34. Kf1 Qg6 35. Qd5 d3 36. Qxc5 Qe4 37. Qe3 Qh1# 0-1

[Event "Late-Titled-Tuesday-Blitz-February-06-2024"]
[Site "Chess.com"]
[Date "2024.02.06"]
[Round "2"]
[White "gahryman"]
[Black "gurudub"]
[Result "1-0"]
[WhiteElo "2680"]
[BlackElo "2103"]
[TimeControl "180+1"]
[EndTime "14:16:54 PST"]
[Termination "gahryman won on time"]

1. e4 c5 2. Nf3 d6 3. d4 cxd4 4. Qxd4 Nc6 5. Bb5 Bd7 6. Bxc6 Bxc6 7. Nc3 Nf6 8. Bg5 e6 9. O-O-O Be7 10. Rhe1 Qc7 11.
Nd5 exd5 12. exd5 Nxd5 13. Qxg7 O-O-O 14. Rxd5 Bxd5 15. Rxe7 Qc4 16. b3 Qa6 17. Qc3+ Kb8 18. Nd4 Rc8 19. Qb4 Qxa2 20. Qxd6+ Ka8 21. Qxd5 Qa1+ 22.
Kd2 Qa6 23. Nb5 Qa5+ 24. b4 Qxb4+ 25. Kc1 1-0

[Event "Late-Titled-Tuesday-Blitz-February-06-2024"]
[Site "Chess.com"]
[Date "2024.02.06"]
[Round "2"]
[White "Mikhail_Golubev"]
[Black "nihalsarin"]
[Result "0-1"]
[WhiteElo "2661"]
[BlackElo "3109"]
[TimeControl "180+1"]
[EndTime "14:16:55 PST"]
[Termination "nihalsarin won on time"]

1. e4 c6 2. Nf3 d5 3. Nc3 Bg4 4. h3 Bh5 5. exd5 cxd5 6. g4 Bg6 7. Ne5 Nc6 8. d4 e6 9. h4 f6 10. Nxg6 hxg6 11. Bd3 Nge7 12. Ne2 Qd7 13. c3 O-O-O 14. Be3 g5 15. h5 Kb8 16. Qa4 Nc8 17. O-O-O Nb6 18.
Qc2 Rc8 19. a3 Na5 20. f4 Nbc4 21. Bf2 Qb5 22. b4 Qd7 23. bxa5 Bxa3+ 24. Kb1 Qb5+ 25. Ka2 Qxa5 26. Qb3 Rc6 27. Bxc4 Bd6+ 28. Kb2 dxc4 29. Qa2 Rb6+ 30. Ka1 Qd5 31. Rb1 gxf4 32. Rxb6 axb6 33. Rb1 Kc7 0-1

[Event "Late-Titled-Tuesday-Blitz-February-06-2024"]
[Site "Chess.com"]
[Date "2024.02.06"]
[Round "2"]
[White "GMAkobianSTL"]
[Black "Quattroporte300"]
[Result "1-0"]
[WhiteElo "2699"]
[BlackElo "2388"]
[TimeControl "180+1"]
[EndTime "14:16:55 PST"]
[Termination "GMAkobianSTL won by resignation"]

1. d4 d5 2. c4 dxc4 3. e3 Nf6 4.
Bxc4 e6 5. Nf3 c5 6. O-O a6 7. b3 Nc6 8. Bb2 Be7 9. dxc5 Qxd1 10. Rxd1 Bxc5 11. Nbd2 O-O 12. Be2 Rd8 13. Rac1 Be7 14.
Nc4 Nd5 15. e4 Nf4 16. Bf1 Rxd1 17. Rxd1 b5 18. Nd6 Kf8 19. g3 Ng6 20. h4 f6 21.
h5 Nge5 22. Nxe5 Nxe5 23. f4 Nf7 24. Nxc8 Rxc8 25. Rc1 Rxc1 26. Bxc1 Nd6 27. Bd3 h6 28. Kf2 Ke8 29. Kf3 Kd7 30. e5 Nf7 31. Bg6 Nd8 32.
exf6 Bxf6 33. g4 Nc6 34. g5 Be7 35. Be4 Nd4+ 36. Kg4 Ne2 37. Bb2 Bf8 38. Bd3 Ng1 39.
Bd4 hxg5 40. fxg5 1-0

[Event "Late-Titled-Tuesday-Blitz-February-06-2024"]
[Site "Chess.com"]
[Date "2024.02.06"]
[Round "2"]
[White "Kingstar70"]
[Black "abeljusto"]
[Result "1-0"]
[WhiteElo "2442"]
[BlackElo "2073"]
[TimeControl "180+1"]
[EndTime "14:16:57 PST"]
[Termination "Kingstar70 won on time"]

1. e4 c5 2. Nf3 d6 3. d4 cxd4 4.
Nxd4 Nf6 5. Nc3 a6 6. Rg1 e5 7.
Nb3 Be6 8. Be3 Nbd7 9. Qd2 Be7 10. O-O-O Rc8 11. f3 b5 12. Kb1 Nb6 13. Bxb6 Qxb6 14. Bd3 O-O 15. g4 d5 16. exd5 Nxd5 17. Nxd5 Bxd5 18.
Bxh7+ Kxh7 19. Qxd5 f6 20. g5 Rcd8 21. Qe4+ Kg8 22. g6 Rxd1+ 23. Rxd1 Rd8 24. Rc1 Qe6 25. Qh4 Kf8 26. f4 e4 27. f5 Qc4 28. Na5 Qd5 29. Nc6 Rc8 30. Nd4 Bc5 31. Ne6+ Ke7 32. Nxg7 e3 33. Qh7 Kd6 34. Ne6 e2 35. Nf4 Qd2 36. Nxe2 Qxe2 37. Qf7 Qe7 38. Rd1+ Ke5 39. Re1+ 1-0

[Event "Late-Titled-Tuesday-Blitz-February-06-2024"]
[Site "Chess.com"]
[Date "2024.02.06"]
[Round "2"]
[White "HaryKane"]
[Black "lucliasco"]
[Result "0-1"]
[WhiteElo "2572"]
[BlackElo "2876"]
[TimeControl "180+1"]
[EndTime "14:16:59 PST"]
[Termination "lucliasco won on time"]

1. d4 d5 2. e3 Nc6 3. f4 g6 4.
Nf3 Bg7 5. c3 Nh6 6. Bd3 Bf5 7.
O-O Bxd3 8. Qxd3 O-O 9. b3 Nf5 10. Nbd2 f6 11. Ba3 Re8 12. e4 dxe4 13. Nxe4 Qd5 14.
c4 Qa5 15. Bb2 Rad8 16. d5 Nb8 17. g4 Nd6 18. Rfe1 Nxe4 19. Qxe4 e5 20. fxe5 fxe5 21.
a3 Nd7 22. b4 Qb6+ 23. Kh1 Nf6 24. Qe2 Nxg4 25. c5 Qa6 26. Qg2 Nf6 27. Bxe5 Nxd5 28. Bxg7 Kxg7 29. Ng5 Nf4 30. Qf3 Qf6 31. h4 h6 32.
Rxe8 Rxe8 0-1

[Event "Late-Titled-Tuesday-Blitz-February-06-2024"]
[Site "Chess.com"]
[Date "2024.02.06"]
[Round "2"]
[White "tgpgoat"]
[Black "lilylg"]
[Result "1-0"]
[WhiteElo "2465"]
[BlackElo "2161"]
[TimeControl "180+1"]
[EndTime "14:17:00 PST"]
[Termination "tgpgoat won on time"]

1. Nf3 d5 2. b3 e6 3. Bb2 f5 4. e3 Nf6 5. Be2 Bd6 6. O-O O-O 7. c4 c6 8. Nc3 Bc7 9. d4 Nbd7 10. Rc1 Ne4 11. cxd5 exd5 12. Nxe4 fxe4 13. Ne5 Nxe5 14. dxe5 Be6 15. b4 a6 16. a4 Qg5 17. b5 axb5 18.
axb5 Bxe5 19. Bxe5 Qxe5 20. bxc6 bxc6 21. Rxc6 Rfc8 22.
Qc1 Rxc6 23. Qxc6 Rc8 24. Qb7 Rb8 25. Qe7 Qf6 26. Qd6 Rd8 27. Qc7 Rc8 28. Qb7 h6 29. h3 Rc2 30. Bb5 Qg6 31. Qb8+ Kh7 32. Qd6 Rb2 33.
Bc6 Rd2 34. Bd7 Bxd7 35. Qxd7 d4 36. Qa7 d3 37. Qd4 Re2 38. h4 1-0

[Event "Late-Titled-Tuesday-Blitz-February-06-2024"]
[Site "Chess.com"]
[Date "2024.02.06"]
[Round "2"]
[White "tolimachess"]
[Black "ritanovikova"]
[Result "0-1"]
[WhiteElo "2466"]
[BlackElo "2209"]
[TimeControl "180+1"]
[EndTime "14:17:01 PST"]
[Termination "ritanovikova won on time"]

1. e4 d5 2. exd5 Qxd5 3. Nc3 Qd6 4. d4 a6 5. Nf3 Nf6 6. g3 Bg4 7. Bg2 Nc6 8. Bf4 Qd7 9. d5 Nb4 10. Ne5 Bxd1 11. Nxd7 Kxd7 12. Kxd1 c6 13. dxc6+ Nxc6 14. Ke1 e5 15. Rd1+ Ke6 16. Be3 Bb4 17. Bh3+ Ke7 18. a3 Bxc3+ 19. bxc3 Rhd8 20. Bc5+ Ke8 21. Ke2 Ne4 22.
Bb4 a5 0-1

[Event "Late-Titled-Tuesday-Blitz-February-06-2024"]
[Site "Chess.com"]
[Date "2024.02.06"]
[Round "2"]
[White "eCztery"]
[Black "akinov-akinseye"]
[Result "1-0"]
[WhiteElo "2416"]
[BlackElo "1908"]
[TimeControl "180+1"]
[EndTime "14:17:02 PST"]
[Termination "eCztery won by resignation"]

1. e4 e5 2. Nf3 d6 3. d4 exd4 4. Bc4 Be7 5. Qxd4 Nf6 6. O-O O-O 7. Nc3 Nc6 8. Qd1 Bg4 9. h3 Bh5 10. Bf4 Ne5 11. Bxe5 Bxf3 12. Qxf3 dxe5 13. Rad1 Qc8 14.
Qg3 Bd6 15. Nb5 Nxe4 16. Qf3 Ng5 17. Qe3 Ne6 18. Nxd6 cxd6 19. Bd5 Nf4 20. Bb3 Qc7 21. g3 Ng6 22. Rd3 a6 23. Rfd1 Rad8 24. Qd2 Qc8 25. Kg2 Qc6+ 26. Kg1 Qc8 27. Kh2 Qc5 28. Rd5 Qb6 29.
Kg1 a5 30. Rxa5 d5 31. Rxd5 Qf6 32. Rxd8 Rxd8 33. Qxd8+ 1-0

[Event "Late-Titled-Tuesday-Blitz-February-06-2024"]
[Site "Chess.com"]
[Date "2024.02.06"]
[Round "2"]
[White "ybothg"]
[Black "GoValya"]
[Result "1-0"]
[WhiteElo "2520"]
[BlackElo "2274"]
[TimeControl "180+1"]
[EndTime "14:17:04 PST"]
[Termination "ybothg won on time"]

1. d4 Nf6 2. Bg5 d5 3. Bxf6 exf6 4. e3 Nc6 5. c4 Bb4+ 6. Nc3 Be6 7. Nf3 O-O 8. Be2 f5 9. cxd5 Bxd5 10. O-O Bxc3 11. bxc3 Be4 12. c4 Qe7 13. d5 Nb4 14. Nd4 c5 15.
Nb5 a6 16. Nc3 Rad8 17. a3 Nc2 18. Ra2 Nxe3 19. fxe3 Rfe8 20. Nxe4 Qxe4 21. Rf3 f4 22. Bd3 Qe5 23. Re2 g5 24. Kh1 Qd6 25. exf4 Rxe2 26. Qxe2 gxf4 27. Qe4 1-0

[Event "Late-Titled-Tuesday-Blitz-February-06-2024"]
[Site "Chess.com"]
[Date "2024.02.06"]
[Round "2"]
[White "slorovel"]
[Black "TanitoluwaAps116"]
[Result "0-1"]
[WhiteElo "2548"]
[BlackElo "2825"]
[TimeControl "180+1"]
[EndTime "14:17:08 PST"]
[Termination "TanitoluwaAps116 won by resignation"]

1. e4 c5 2. Nf3 e6 3. g3 Nc6 4. Bg2 Nf6 5. Qe2 e5 6. O-O Be7 7. d3 O-O 8. Nc3 d6 9. Nd5 Nxd5 10. exd5 Nb4 11. c4 Bf5 12. Ne1 Bg6 13. a3 Na6 14. f4 exf4 15. Bxf4 Bf6 16. Nf3 Re8 17. Qd2 Qb6 18.
Rab1 Qb3 19. Rfd1 b5 20. Bxd6 Rad8 21. Bf4 bxc4 22. dxc4 Bxb1 23. Rxb1 Qxc4 24. d6 Nc7 25. Bf1 Qe4 26. Re1 Qxf3 27. dxc7 Bd4+ 28. Qxd4 cxd4 29.
cxd8=Q Rxd8 30. Bg2 Qb3 31. Bc7 Rc8 32. Re5 h6 33. Bd5 Qd1+ 0-1

[Event "Late-Titled-Tuesday-Blitz-February-06-2024"]
[Site "Chess.com"]
[Date "2024.02.06"]
[Round "2"]
[White "DucksParadise"]
[Black "GMKrikor"]
[Result "0-1"]
[WhiteElo "2542"]
[BlackElo "2820"]
[TimeControl "180+1"]
[EndTime "14:17:09 PST"]
[Termination "GMKrikor won by resignation"]

1. Nf3 d5 2. g3 Nc6 3. d4 Bf5 4. Bg2 Nb4 5. Na3 e6 6. c3 Nc6 7. Nc2 Be7 8. O-O h6 9. Nce1 Nf6 10. Nd3 O-O 11. Nfe5 Nxe5 12. Nxe5 Nd7 13. Nxd7 Qxd7 14. Re1 c6 15. e4 Bg6 16. h4 a5 17. h5 Bh7 18. Qg4 Kh8 19. Qe2 a4 20. a3 Bd6 21. e5 Be7 22. Be3 Rac8 23. c4 b6 24. cxd5 cxd5 25. Rac1 b5 26. Bf1 b4 27. Qb5 Qa7 28.
Rxc8 Rxc8 29. Rc1 Rb8 30. Qa6 Qxa6 31. Bxa6 bxa3 32. bxa3 Bxa3 33. Rc7 Bb2 0-1

[Event "Late-Titled-Tuesday-Blitz-February-06-2024"]
[Site "Chess.com"]
[Date "2024.02.06"]
[Round "2"]
[White "GreatOwl02"]
[Black "ahkashefi2800"]
[Result "0-1"]
[WhiteElo "2297"]
[BlackElo "2528"]
[TimeControl "180+1"]
[EndTime "14:17:10 PST"]
[Termination "ahkashefi2800 won by resignation"]

1. Nf3 d5 2. e3 c6 3. c4 Nf6 4. b3 Bg4 5. Bb2 e6 6. h3 Bh5 7.
g4 Bg6 8. Ne5 Nbd7 9. Nxg6 hxg6 10. Bg2 Bd6 11. Nc3 Qe7 12. Qc2 Ba3 13. g5 Ng8 14. h4 dxc4 15. bxc4 Ne5 16. Bxa3 Qxa3 17. Qe4 Nd7 18. Rb1 Nc5 19. Qc2 O-O-O 20. d4 Na6 21. Rb3 Qa5 22. Ke2 Ne7 23. Qb2 Rd7 24. Rb1 b6 25.
Ra3 Qf5 26. Rxa6 Rxh4 27. Ra3 Rh2 28. Bf3 Qxg5 29. c5 Nf5 30. cxb6 Qxe3+ 31. Kf1 Qxf3 32. Ke1 Rh1+ 0-1

[Event "Late-Titled-Tuesday-Blitz-February-06-2024"]
[Site "Chess.com"]
[Date "2024.02.06"]
[Round "2"]
[White "Szparu"]
[Black "sakkikuska"]
[Result "1-0"]
[WhiteElo "2819"]
[BlackElo "2540"]
[TimeControl "180+1"]
[EndTime "14:17:12 PST"]
[Termination "Szparu won by resignation"]

1. e4 c5 2. Nf3 e6 3. d4 cxd4 4. Nxd4 Nc6 5. Nc3 Qc7 6. Qd3 Nf6 7. Ndb5 Qb8 8. Qg3 d6 9. Be3 a6 10. Nd4 Bd7 11. f4 h5 12. Nf3 b5 13. Bd3 Be7 14. h3 Qd8 15. e5 h4 16. Qxg7 Rg8 17. Qh6 dxe5 18. fxe5 Nd5 19. Nxd5 exd5 20. O-O Nb4 21. Bh7 Rg3 22. Bf4 Bc5+ 23. Kh1 Qe7 24. Nxh4 Rxh3+ 25. gxh3 O-O-O 26. Nf5 Bxf5 27. Bxf5+ Kb8 28. a3 Nc6 29. Qxc6 Qh4 30. Qxc5 Rh8 31. e6+ Ka8 32. Qxd5+ Ka7 1-0

[Event "Late-Titled-Tuesday-Blitz-February-06-2024"]
[Site "Chess.com"]
[Date "2024.02.06"]
[Round "2"]
[White "ChessFanNM"]
[Black "Ticondriul"]
[Result "0-1"]
[WhiteElo "2363"]
[BlackElo "2723"]
[TimeControl "180+1"]
[EndTime "14:17:12 PST"]
[Termination "Ticondriul won by checkmate"]

1. Nf3 Nf6 2. c4 b6 3. b3 Bb7 4. Bb2 e6 5. d3 d5 6. Nbd2 c5 7. e3 Nc6 8. Be2 Be7 9. O-O O-O 10. a3 a6 11. Qc2 Rc8 12. Rad1 b5 13. e4 Qa5 14. cxd5 exd5 15. Bxf6 Bxf6 16. exd5 Nd4 17. Nxd4 cxd4 18. Qa2 Bxd5 19. Bf3 Be6 20. Ne4 Be7 21. Qd2 Qxa3 22. Ra1 Qxb3 23. Rxa6 Rc2 24. Qf4 Qxd3 25. Ra7 Bb4 26. Ng5 Bd2 27. Qh4 Qxf1+ 28. Kxf1 Bc4+ 29. Be2 Rc1# 0-1

[Event "Late-Titled-Tuesday-Blitz-February-06-2024"]
[Site "Chess.com"]
[Date "2024.02.06"]
[Round "2"]
[White "StellarChess"]
[Black "IranianCheetah"]
[Result "1-0"]
[WhiteElo "2571"]
[BlackElo "2341"]
[TimeControl "180+1"]
[EndTime "14:17:13 PST"]
[Termination "StellarChess won on time"]

1. Nf3 Nf6 2. b3 d6 3. Bb2 e5 4.
e3 Be7 5. d4 exd4 6. Nxd4 O-O 7. Be2 Nc6 8. O-O Nxd4 9. Bxd4 Bf5 10. Nd2 Ne4 11. Bf3 Nxd2 12. Qxd2 c6 13. Rad1 Bf6 14.
e4 Bg6 15. Bxf6 Qxf6 16. Qxd6 Qb2 17. Qc5 Qxa2 18. Rd7 b6 19. Qc3 Qa6 20. Qxc6 Rac8 21. Rc7 Rxc7 22. Qxc7 Rc8 23. Rd1 h6 24. Rd8+ Rxd8 25.
Qxd8+ Kh7 26. h4 Qa1+ 27. Kh2 Qc1 28. Kg3 Qxc2 29. Qd5 a5 30. h5 Qc7+ 31. Kh3 Qc8+ 32. Kh2 Qc7+ 33. g3 Qc5 34. hxg6+ fxg6 35. Qxc5 bxc5 36. Be2 g5 37. Kg2 Kg6 38. Kf3 h5 39. Ba6 Kf6 40. Ke3 Ke5 41. f4+ gxf4+ 42. gxf4+ Kd6 43.
Bc8 1-0

[Event "Late-Titled-Tuesday-Blitz-February-06-2024"]
[Site "Chess.com"]
[Date "2024.02.06"]
[Round "2"]
[White "TheMagician"]
[Black "GiorgianBarbosa"]
[Result "0-1"]
[WhiteElo "2150"]
[BlackElo "2460"]
[TimeControl "180+1"]
[EndTime "14:17:14 PST"]
[Termination "GiorgianBarbosa won by resignation"]

1. d4 Nf6 2. c4 g6 3. Nc3 Bg7 4. e4 O-O 5. f3 c6 6. Be3 d5 7.
cxd5 cxd5 8. e5 Ne8 9. Qd2 Nc6 10.
Bb5 Nc7 11. Bxc6 bxc6 12. Nge2 f6 13. f4 fxe5 14. dxe5 Ne6 15. Nd4 Nxd4 16. Qxd4 Ba6 17. O-O-O Qa5 18. Qc5 Qxc5 19. Bxc5 Rxf4 20. Rhe1 e6 21. b4 Bc4 22. Rd4 Rf5 23. Bd6 a5 24. Rxc4 dxc4 25. bxa5 Rxa5 26. Re4 Bxe5 27. Bxe5 Raxe5 28.
Rxc4 Rc5 29. Rxc5 Rxc5 30. Kd2 Ra5 31. a4 h5 32. Kd3 Kf7 33. Kc4 Kf6 34. Kb4 Ra8 35.
a5 Kf5 36. Na4 Kf4 37. Nc5 Ke3 38. Nxe6 h4 39. g3 h3 40. Nf4 Rh8 41. a6 g5 42.
Ne6 g4 43. Kc5 Kf3 44. Nd4+ Kg2 45. Nxc6 Kxh2 46. a7 Ra8 47. Kb6 Kxg3 48. Kb7 Rxa7+ 49. Kxa7 h2 50. Ne5 h1=Q 51. Nxg4 Kxg4 0-1

[Event "Late-Titled-Tuesday-Blitz-February-06-2024"]
[Site "Chess.com"]
[Date "2024.02.06"]
[Round "2"]
[White "emeli_chess"]
[Black "Hamisandwich"]
[Result "0-1"]
[WhiteElo "2396"]
[BlackElo "2740"]
[TimeControl "180+1"]
[EndTime "14:17:15 PST"]
[Termination "Hamisandwich won by resignation"]

1. d4 Nf6 2. c4 b6 3. Nc3 Bb7 4. d5 e6 5. e4 Bb4 6. Bd3 Bxc3+ 7. bxc3 d6 8. f4 Nbd7 9. Nf3 exd5 10. cxd5 O-O 11.
O-O Nc5 12. Qc2 Re8 13. e5 dxe5 14. fxe5 Nxd3 15. Qxd3 Qxd5 16. Qf5 Qe4 17. Qh3 Nd5 18. Ng5 Qg6 19. Nxf7 Re7 20. e6 Qxe6 21. Qxe6 Rxe6 22.
c4 Nc3 23. Bb2 Re2 24. Rf2 Rxf2 25. Kxf2 Na4 26. Ne5 Nxb2 27. Rb1 Na4 0-1

[Event "Late-Titled-Tuesday-Blitz-February-06-2024"]
[Site "Chess.com"]
[Date "2024.02.06"]
[Round "2"]
[White "brm72"]
[Black "egnfanclub"]
[Result "1-0"]
[WhiteElo "2653"]
[BlackElo "2368"]
[TimeControl "180+1"]
[EndTime "14:17:15 PST"]
[Termination "brm72 won by checkmate"]

1. d4 d5 2. Nf3 Nf6 3. Bg5 e6 4. Nbd2 c5 5. e3 Nc6 6. c3 Be7 7. Bd3 O-O 8. Qc2 h6 9. h4 c4 10.
Be2 Qc7 11. Bf4 Bd6 12. Bxd6 Qxd6 13. e4 dxe4 14. Nxe4 Nxe4 15. Qxe4 Qd5 16. Nd2 b5 17. Bf3 Qxe4+ 18. Nxe4 Rb8 19. Nc5 Ne7 20. b4 Nd5 21.
Kd2 Rd8 22. a4 a6 23. axb5 axb5 24. Ra7 e5 25. Re1 exd4 26. Bxd5 Rxd5 27. Re8+ Kh7 28. cxd4 Rxd4+ 29. Kc3 Rxh4 30. Rc7 Ra8 31. Rcxc8 Ra2 32.
Nd7 Kg6 33. Ne5+ Kf6 34. Rc7 Rh1 35. Rxf7+ Kg5 36. f4+ Kh4 37. Rxg7 Rc1+ 38. Kd4 Rd1+ 39. Kc5 c3 40. Nf3+ Kh5 41. g4# 1-0

[Event "Late-Titled-Tuesday-Blitz-February-06-2024"]
[Site "Chess.com"]
[Date "2024.02.06"]
[Round "2"]
[White "Escanor89"]
[Black "pinguino120"]
[Result "1-0"]
[WhiteElo "2518"]
[BlackElo "2273"]
[TimeControl "180+1"]
[EndTime "14:17:20 PST"]
[Termination "Escanor89 won by resignation"]

1. d4 Nf6 2. Nc3 d5 3. Bf4 c5 4.
e3 Nc6 5. Nb5 e5 6. dxe5 Ne4 7.
Qxd5 Qa5+ 8. c3 Bf5 9. Bc4 Bg6 10. e6 Be7 11. exf7+ Kf8 12. Bc7 Qa4 13. b3 Qa6 14. Ne2 Nf6 15. Qe6 Na5 16. Qxa6 bxa6 17. Bxa5 axb5 18.
Bxb5 Bxf7 19. Nf4 g5 20. Nd3 Ne4 21. Ne5 Bf6 22. Nxf7 Kxf7 23. Bc6 Nxc3 24. Bxa8 Rxa8 25. Rc1 Nxa2 26. Rxc5 Rd8 27. O-O 1-0

[Event "Late-Titled-Tuesday-Blitz-February-06-2024"]
[Site "Chess.com"]
[Date "2024.02.06"]
[Round "2"]
[White "19912131712118"]
[Black "Englishman_18"]
[Result "1-0"]
[WhiteElo "2439"]
[BlackElo "2057"]
[TimeControl "180+1"]
[EndTime "14:17:20 PST"]
[Termination "19912131712118 won on time"]

1. e4 c5 2. Nf3 d6 3. d4 cxd4 4. Nxd4 Nf6 5. Nc3 a6 6. f4 e5 7.
Nf3 Nc6 8. Bd3 Be7 9. O-O O-O 10. Kh1 b5 11. a3 Rb8 12. Qe1 Be6 13. f5 Bc8 14.
Qg3 Re8 15. Bg5 Nd4 16. Rad1 Nh5 17. Qg4 Nxf3 18. Bxe7 Qxe7 19. Qxh5 Nd4 20. Nd5 Qf8 21. f6 g6 22. Qh4 Rb7 23. c3 Ne6 24. Rf3 Nf4 25. Nxf4 exf4 26. Rxf4 Be6 27. Rdf1 d5 28. exd5 Bxd5 29. R4f2 Be6 30. Be2 Bd5 31. Bf3 Bxf3 32.
Rxf3 Rd7 33. Rh3 h5 34. Qg5 Re2 35. Rxh5 1-0

[Event "Late-Titled-Tuesday-Blitz-February-06-2024"]
[Site "Chess.com"]
[Date "2024.02.06"]
[Round "2"]
[White "Igor_Lysyj"]
[Black "Orest_Vovk"]
[Result "1-0"]
[WhiteElo "2888"]
[BlackElo "2579"]
[TimeControl "180+1"]
[EndTime "14:17:22 PST"]
[Termination "Igor_Lysyj won by resignation"]

1. d4 h6 2. c4 g5 3. Nc3 Bg7 4. e4 c5 5. d5 Bxc3+ 6. bxc3 d6 7. h4 Qa5 8. Bd2 g4 9. Ne2 Nf6 10. Ng3 Nbd7 11. Be2 Ne5 12. h5 Bd7 13. Qc1 Qa4 14. Bxh6 Nxc4 15. Bg7 O-O-O 16. h6 Ne5 17. Bxh8 Rxh8 18. c4 b5 19. cxb5 Nxe4 20. Qe3 Qb4+ 21.
Kf1 Nxg3+ 22. fxg3 Bxb5 23. Bxb5 Qxb5+ 24. Kg1 Qb2 25. Rf1 f6 26. Rh5 Qxa2 27. Qe4 c4 28. h7 c3 29. Rxe5 fxe5 30. Qxg4+ Kc7 31. Qg7 Rxh7 32. Qxh7 Qxd5 33. Qxe7+ Kb6 34. Rb1+ Kc5 35. Qxa7+ Kc4 36. Qa2+ Kc5 37. Rb5+ Kxb5 38. Qxd5+ Kb4 39. Qxd6+ 1-0

[Event "Late-Titled-Tuesday-Blitz-February-06-2024"]
[Site "Chess.com"]
[Date "2024.02.06"]
[Round "2"]
[White "Iuckyducky"]
[Black "komogro"]
[Result "0-1"]
[WhiteElo "2274"]
[BlackElo "2520"]
[TimeControl "180+1"]
[EndTime "14:17:22 PST"]
[Termination "komogro won by resignation"]

1. d4 Nf6 2. Bf4 d6 3. Nf3 g6 4. e3 Bg7 5. c3 a6 6. Bd3 b6 7. Nbd2 Bb7 8. Qc2 e6 9. e4 Nfd7 10. O-O-O Nc6 11. h4 h6 12. Rhe1 Ne7 13. Bh2 b5 14.
Kb1 Nb6 15. Nb3 Qd7 16. e5 Ned5 17. exd6 cxd6 18. Be4 O-O-O 19. Na5 Ba8 20. Nd2 Kb8 21. Ndb3 Ka7 22. Ka1 Rc8 23. Qe2 Nc4 24. Nxc4 bxc4 25.
Nd2 Qa4 26. Rc1 Rhd8 27. Bc2 Qb5 28. Qf3 Rd7 29. Ne4 Rb8 30. Rb1 Bf8 31. Nd2 Nb4 32. Qd1 Nxa2 33. Kxa2 Qa5+ 34. Ba4 Bc6 35. b3 cxb3+ 36.
Rxb3 Bxa4 37. Rxb8 Bxd1+ 0-1

[Event "Late-Titled-Tuesday-Blitz-February-06-2024"]
[Site "Chess.com"]
[Date "2024.02.06"]
[Round "2"]
[White "Pawngobblerx2000"]
[Black "FMOlexandrProhorov"]
[Result "0-1"]
[WhiteElo "2506"]
[BlackElo "2305"]
[TimeControl "180+1"]
[EndTime "14:17:24 PST"]
[Termination "FMOlexandrProhorov won by resignation"]

1. c4 g6 2. g3 Bg7 3. Bg2 f5 4. Nc3 Nf6 5. Nf3 O-O 6. O-O d6 7. d3 e5 8. e4 Nc6 9. Nd5 Be6 10.
Ng5 Bxd5 11. cxd5 Nd4 12. Be3 Qd7 13. Bxd4 exd4 14. Ne6 Rf7 15. Rc1 c5 16. dxc6 Qxe6 17. cxb7 Rb8 18. exf5 Qxf5 19. Qb3 Qd7 20. Qc4 Rxb7 21.
Bxb7 Qxb7 22. Qc8+ Bf8 23. b3 Qb5 24. Qc4 Qh5 25.
Qxd4 Ng4 26. h4 Ne5 27. Qe4 Nf3+ 28. Kg2 Nd2 29. Qa8 Nxf1 30. Rxf1 Kg7 31. Re1 Qf5 32. Re2 Be7 33. Qe8 Qf3+ 0-1

[Event "Late-Titled-Tuesday-Blitz-February-06-2024"]
[Site "Chess.com"]
[Date "2024.02.06"]
[Round "2"]
[White "biostatistician"]
[Black "dmitrijiIM"]
[Result "0-1"]
[WhiteElo "2605"]
[BlackElo "2938"]
[TimeControl "180+1"]
[EndTime "14:17:25 PST"]
[Termination "dmitrijiIM won by resignation"]

1. d4 d5 2. Nf3 Nf6 3. c4 e6 4.
Nc3 c6 5. Bg5 Nbd7 6. e3 Be7 7.
Bd3 O-O 8. O-O dxc4 9. Bxc4 b5 10. Bd3 Bb7 11. Rc1 b4 12. Bxf6 gxf6 13. Na4 Qa5 14. Qc2 Kg7 15. Nc5 Nxc5 16. dxc5 Qxa2 17. e4 Qa5 18. Rfd1 Qc7 19. Re1 a5 20. e5 f5 21.
Nd4 Rad8 22. Ne2 Rd5 23. Nf4 Rxc5 24. Nh5+ Kh8 25. Qd2 Rxc1 26. Qxc1 Rg8 27. g3 c5 28. Bf1 Qc6 29. f3 Qxf3 0-1

[Event "Late-Titled-Tuesday-Blitz-February-06-2024"]
[Site "Chess.com"]
[Date "2024.02.06"]
[Round "2"]
[White "LiemLe"]
[Black "GlavkonVVS"]
[Result "1-0"]
[WhiteElo "3030"]
[BlackElo "2641"]
[TimeControl "180+1"]
[EndTime "14:17:26 PST"]
[Termination "LiemLe won by checkmate"]

1. Nf3 Nf6 2. c4 c5 3. Nc3 g6 4. d4 Bg7 5. d5 O-O 6. e4 d6 7.
Be2 e6 8. O-O exd5 9. cxd5 Re8 10.
Nd2 a6 11. a4 Nbd7 12. Kh1 Rb8 13. f4 Qc7 14. Bd3 c4 15. Nxc4 Nc5 16. e5 Nxd3 17. Nxd6 Rxe5 18. fxe5 Nxe5 19. Nxc8 Rxc8 20. Bf4 Nh5 21.
d6 Qc4 22. Bxe5 Bxe5 23. Qd5 Qxd5 24. Nxd5 Bxd6 25. Rad1 Rc4 26. b3 Rh4 27. Nf6+ Nxf6 28. Rxd6 Ne4 29. Rd8+ Kg7 30. Kg1 Nc5 31. Rc8 b6 32.
Rc7 Nxb3 33. Rfxf7+ Kg8 34. Rfd7 Rd4 35. Rc8# 1-0

[Event "Late-Titled-Tuesday-Blitz-February-06-2024"]
[Site "Chess.com"]
[Date "2024.02.06"]
[Round "2"]
[White "tactic"]
[Black "smotherhubbard"]
[Result "1-0"]
[WhiteElo "2666"]
[BlackElo "2372"]
[TimeControl "180+1"]
[EndTime "14:17:26 PST"]
[Termination "tactic won by resignation"]

1. e4 e6 2. d4 d5 3. exd5 exd5 4. Nf3 Bd6 5. Bd3 Nc6 6. O-O Bg4 7. c3 Nge7 8. h3 Bh5 9. Be3 Qd7 10. Nbd2 f6 11. Re1 O-O-O 12. b4 Ng6 13. Qc2 Nce7 14. g4 Bxg4 15.
hxg4 Qxg4+ 16. Kf1 f5 17. Bg5 h6 18. Bxe7 Qh3+ 19.
Ke2 Nxe7 20. Rh1 Qg4 21. Rag1 Qf4 22. Rh4 g5 23. Rxf4 Bxf4 24. Bxf5+ Kb8 25. Bd3 Rhe8 26. Kd1 Nc6 27. Bb5 Re6 28. Bxc6 Rxc6 29. Qd3 Rf6 30. Kc2 Rdf8 31. Ne5 Kc8 32. Qh3+ Rf5 33. Ng6 1-0

[Event "Late-Titled-Tuesday-Blitz-February-06-2024"]
[Site "Chess.com"]
[Date "2024.02.06"]
[Round "2"]
[White "ozates"]
[Black "falzehope0"]
[Result "1-0"]
[WhiteElo "2609"]
[BlackElo "2346"]
[TimeControl "180+1"]
[EndTime "14:17:26 PST"]
[Termination "ozates won on time"]

1. e4 d5 2. Nc3 dxe4 3. Nxe4 Nf6 4. Ng3 g6 5. Nf3 Bg7 6. Bc4 O-O 7. h3 c5 8. O-O Nc6 9. Re1 Na5 10. Bf1 b6 11. c3 Bb7 12. d4 Qc7 13. dxc5 bxc5 14. Ne5 Rad8 15. Qa4 Nd5 16. Nc4 Nc6 17. Ne3 Nf4 18. Qa3 Nd3 19. Bxd3 Rxd3 20. Qxc5 Rfd8 21. Ng4 R8d5 22. Qc4 Rd1 23. Bh6 Rxa1 24. Rxa1 Rd2 25. Bxd2 Qb6 26. b4 h5 27. Nh6+ Bxh6 28. Bxh6 Ne5 29.
Qc5 Qf6 30. Qe3 Kh7 31. Bg5 Qd6 32. Re1 f6 33. Bf4 Qc6 34. f3 Nf7 35. Qxe7 Qb6+ 36. Kh2 Kg7 37. Re6 1-0